 Dungeon Sprint DCSS version 0.16.1-17-g773cdaf (webtiles) character file.

410 lorenzova the Spear-Bearer (level 6, -6/56 HPs)
             Began as a Merfolk Gladiator on Apr 23, 2015.
             Mangled by a yak (9 damage)
             ... in the Dungeon (Sprint I: "Red Sonja").
             The game lasted 00:02:44 (626 turns).

lorenzova the Spear-Bearer (Merfolk Gladiator)       Turns: 626, Time: 00:02:44

Health: -6/56      AC:  6    Str: 16    XL:     6   Next: 89%
Magic:  22/22      EV: 12    Int:  9    God:
Gold:   297        SH:  0    Dex: 14    Spells: 0 memorised, 23 levels left

rFire  . . .     SeeInvis .     n - +1 scythe (flame)
rCold  . . .     Clarity  .     o - +0 ring mail
rNeg   . . .     SustAb   .     (no shield)
rPois  .         Gourm    .     c - +0 helmet
rElec  .         Spirit   .     (no cloak)
rCorr  .         Warding  .     (no gloves)
rMut   .         NoTele   +     (no boots)
MR     .....                    (no amulet)
Stlth  +.........               (no ring)
                                (no ring)

@: not resistant to hostile enchantments, very unstealthy
A: change form in water, swift swim
a: no special abilities


You were in the Dungeon.
You were not hungry.

You visited 1 branch You collected 297 gold pieces.

Inventory:

Hand weapons
 a - a +0 trident
 n - a +1 scythe of flaming (weapon)
Missiles
 d - a throwing net (quivered)
Armour
 b - a +0 leather armour
 c - a +0 helmet (worn)
 o - a +0 ring mail (worn)
Magical devices
 m - a wand of polymorph (3)
Scrolls
 k - a scroll of blinking
Potions
 e - a potion of curing
 g - a potion of heal wounds
 h - a potion of haste
 i - 2 potions of magic
 j - a potion of berserk rage
 l - a potion of ambrosia {unknown}
Comestibles
 f - a bread ration


   Skills:
 + Level 8.1 Fighting
 + Level 10.9 Polearms
 - Level 2.0 Throwing
 - Level 4.0 Dodging
 * Level 9.2 Spellcasting


You had 23 spell levels left.
You didn't know any spells.

Dungeon Overview and Level Annotations

Branches:
Dungeon (1/1)

Altars:
Cheibriados
Dithmenos
Elyvilon
Fedhas
Kikubaaqudgha
Nemelex Xobeh
Okawaru
Qazlal
Sif Muna
Vehumet
Xom
Yredelemnul
Jiyva

Shops:
D %


Message History

You hit the yak but do no damage.
The yak is heavily wounded.
The yak gores you! The yak closely misses you.
You hit the yak. You burn the yak.
The yak is severely wounded.
The yak gores you!
You slash the yak! You burn the yak.
The yak is almost dead.
The yak gores you.
* * * LOW HITPOINT WARNING * * *
The yak gores you!
* * * LOW HITPOINT WARNING * * *
You hit the yak. You burn the yak.
The yak is almost dead.
The yak gores you.
* * * LOW HITPOINT WARNING * * *
You closely miss the yak.
The yak is almost dead.
The yak gores you!
You die...

###################
#<.#..)..#.['..#__#
#..)..#..'..#..'..+
#..#####'#####'#__#
#..# #..#...#!####
#..# ####..##.#
#..# ##@#..+
#⌠⌠#_.∩...Y..._#
####_..._##_.#+#


____ ##+# ### You could see a yak.

Vanquished Creatures
  A slime creature (D)
  An ogre (D)
  Sigmund (D)
  A jelly (D)
  Ijyb (D)
5 creatures vanquished.

Notes
Turn   | Place    | Note
--------------------------------------------------------------
     0 | D        | lorenzova, the Merfolk Gladiator, began the quest for the Orb.
     0 | D        | Reached XP level 1. HP: 16/16 MP: 1/1
     1 | D        | Noticed Ijyb
    15 | D        | Killed Ijyb
    15 | D        | Reached skill level 5 in Polearms
    15 | D        | Reached XP level 2. HP: 21/24 MP: 1/6
    86 | D        | Noticed an ogre
    94 | D        | Killed an ogre
    94 | D        | Reached skill level 5 in Fighting
    94 | D        | Reached skill level 7 in Polearms
    94 | D        | Reached skill level 5 in Spellcasting
    94 | D        | Reached XP level 3. HP: 29/33 MP: 7/11
    94 | D        | Reached XP level 4. HP: 34/39 MP: 8/13
   134 | D        | Noticed Sigmund
   141 | D        | Killed Sigmund
   141 | D        | Reached skill level 8 in Polearms
   141 | D        | Reached XP level 5. HP: 37/47 MP: 13/18
   282 | D        | Found a snail-covered altar of Cheibriados.
   282 | D        | Found a viscous altar of Jiyva.
   282 | D        | Found a shadowy altar of Dithmenos.
   282 | D        | Found a blossoming altar of Fedhas.
   282 | D        | Noticed a slime creature
   287 | D        | Killed a slime creature
   287 | D        | Reached skill level 10 in Polearms
   287 | D        | Reached XP level 6. HP: 27/56 MP: 18/22
   454 | D        | Found a deep blue altar of Sif Muna.
   454 | D        | Noticed a jelly
   456 | D        | Found a radiant altar of Vehumet.
   460 | D        | Killed a jelly
   619 | D        | Found Ceziapn's Food Emporium.
   619 | D        | Found a white marble altar of Elyvilon.
   619 | D        | Found a stormy altar of Qazlal.
   619 | D        | Found a basalt altar of Yredelemnul.
   619 | D        | Found an iron altar of Okawaru.
   619 | D        | Found a sparkling altar of Nemelex Xobeh.
   619 | D        | Found a shimmering altar of Xom.
   619 | D        | Found an ancient bone altar of Kikubaaqudgha.
   619 | D        | Noticed a yak
   626 | D        | Mangled by a yak

Action                   |  1- 3 |  4- 6 || total
-------------------------+-------+-------++-------
Melee: Trident           |    20 |       ||    20
       Unarmed           |       |     5 ||     5
       Scythe            |       |    14 ||    14
Throw: Throwing net      |     2 |       ||     2
